[Event "Titled Tuesday Blitz August 22 Late 2023"]
[White "Tatarinov, Dmitry"]
[Black "Dominguez Perez, Leinier"]
[WhiteFideId "24160067"]
[BlackFideId "3503240"]
[WhiteElo "2680"]
[BlackElo "2914"]
[Result "0-1"]
[Round "5"]
[TimeControl "180+1"]
[Date "2023.08.22"]
[WhiteClock "0:00:13"]
[BlackClock "0:00:21"]
[Board "27"]

1. d4 Nf6 2. c4 e6 3. Nc3 Bb4 4. Bd2 O-O 5. e3 b6 6. Nf3 Bb7 7. Bd3 d5 8. cxd5 exd5 9. Qc2 c5 10. a3 Bxc3 11. Bxc3 c4 12. Bf5 Nbd7 13. O-O b5 14. Ne5 g6 15. Bxd7 Nxd7 16. f3 a5 17. b4 axb4 18. Bxb4 Re8 19. Qb2 Qc7 20. Bc3 Bc6 21. h4 f6 22. Nxd7 Qxd7 23. Rae1 Re6 24. h5 Rae8 25. Qf2 Qe7 26. Qg3 g5 27. Bb4 Qf7 28. f4 Qxh5 29. fxg5 Qxg5 30. Qc7 Qg7 31. Qf4 Re4 32. Qxf6 Qxf6 33. Rxf6 R8e6 34. Rf8+ Kg7 35. Ref1 Be8 36. Bd2 Bg6 37. Rb8 Rg4 38. Rf2 Be4 39. Rxb5 Reg6 40. Rb7+ Kh6 41. a4 Rxg2+ 42. Kf1 Bd3+ 0-1


[Site "https://www.chess.com"]

[Event "Titled Tuesday Blitz August 22 Late 2023"]
[White "Ibarra Jerez, Jose Carlos"]
[Black "Ghasi, Ameet K"]
[WhiteFideId "2226332"]
[BlackFideId "409200"]
[WhiteElo "2901"]
[BlackElo "2679"]
[Result "1-0"]
[Round "5"]
[TimeControl "180+1"]
[Date "2023.08.22"]
[WhiteClock "0:00:04"]
[BlackClock "0:00:00"]
[Board "28"]

1. e4 g6 2. d4 Bg7 3. Nf3 d6 4. Bc4 Nf6 5. Qe2 c6 6. e5 Nd5 7. h3 O-O 8. O-O Nd7 9. Re1 N7b6 10. Bb3 a5 11. a3 a4 12. Ba2 Bf5 13. c4 Nc7 14. Rd1 d5 15. c5 Nc4 16. Nc3 Nb5 17. Bxc4 dxc4 18. Qxc4 Be6 19. Qe2 Bb3 20. Rd2 Nxc3 21. bxc3 b6 22. cxb6 Qxb6 23. Rb2 Qa5 24. Bd2 Qd5 25. Bg5 f6 26. Bf4 g5 27. Bg3 c5 28. Nd2 c4 29. Ne4 h6 30. Nc5 fxe5 31. Bxe5 Bxe5 32. Qxe5 Qxe5 33. dxe5 Rfd8 34. Rc1 Rd5 35. Ne4 Rxe5 36. Re2 Rd8 37. f3 Red5 38. Rce1 Rd1 39. Kf2 Kf7 40. h4 gxh4 41. Ke3 e5 42. Nf2 Rxe1 43. Rxe1 Rg8 44. Ng4 Ke6 45. Kf2 Rg5 46. Rh1 h5 47. Ne3 Rg8 48. Rxh4 Rd8 49. Nxc4 Rc8 50. Nb6 Rxc3 51. Nxa4 Rc2+ 52. Kg3 Bd5 53. Nb6 Bb3 54. Rxh5 Ra2 55. a4 Rb2 56. Rh4 Kf5 57. Rb4 Rb1 58. a5 Bc2 59. Rxb1 Bxb1 60. a6 Be4 61. fxe4+ 1-0


[Site "https://www.chess.com"]

[Event "Titled Tuesday Blitz August 22 Late 2023"]
[White "Rasulov, Vugar"]
[Black "Annaberdiyev, Meylis"]
[WhiteFideId "13402390"]
[BlackFideId "14000563"]
[WhiteElo "2898"]
[BlackElo "2676"]
[Result "1-0"]
[Round "5"]
[TimeControl "180+1"]
[Date "2023.08.22"]
[WhiteClock "0:00:58"]
[BlackClock "0:00:00"]
[Board "29"]

1. Nf3 Nf6 2. c4 e6 3. g3 d5 4. Bg2 Be7 5. O-O O-O 6. b3 c5 7. cxd5 exd5 8. d4 Nc6 9. Bb2 Ne4 10. Nc3 Bf6 11. Na4 b5 12. Nxc5 Nxc5 13. Rc1 Nxb3 14. axb3 Nb4 15. Ne5 a5 16. Ba3 Re8 17. Qd2 Bxe5 18. dxe5 Rxe5 19. Bxb4 axb4 20. Qxb4 Rxe2 21. Qxb5 Re5 22. Rfe1 Rxe1+ 23. Rxe1 Be6 24. b4 Rb8 25. Qa5 Qb6 26. Qxb6 Rxb6 27. Rb1 Kf8 28. f4 Ke7 29. Kf2 Kd6 30. Ke3 Rc6 31. b5 Rc3+ 32. Kd2 Rc7 33. Bf1 Kc5 34. Rc1+ Kb6 35. Rxc7 Kxc7 36. Kc3 Kb6 37. Kd4 h6 38. Bd3 g6 39. Be2 1-0


[Site "https://www.chess.com"]

[Event "Titled Tuesday Blitz August 22 Late 2023"]
[White "Mamedov, Edgar"]
[Black "Kravtsiv, Martyn"]
[WhiteFideId "13739980"]
[BlackFideId "14113147"]
[WhiteElo "2674"]
[BlackElo "2888"]
[Result "0-1"]
[Round "5"]
[TimeControl "180+1"]
[Date "2023.08.22"]
[WhiteClock "0:00:00"]
[BlackClock "0:00:05"]
[Board "30"]

1. d4 Nf6 2. Nf3 e6 3. c4 d5 4. e3 Nbd7 5. Nc3 Bb4 6. Bd2 O-O 7. Rc1 b6 8. Nxd5 Bxd2+ 9. Nxd2 exd5 10. cxd5 Nxd5 11. Bc4 Bb7 12. Qf3 N7f6 13. O-O Rb8 14. e4 Ne7 15. d5 Ng6 16. Qc3 Re8 17. Rfe1 c6 18. dxc6 Bxc6 19. Qb3 Ne5 20. Red1 Qe7 21. f3 Rbd8 22. Bf1 Bb7 23. f4 Ng6 24. e5 Nd5 25. g3 Ndxf4 26. gxf4 Nxf4 27. Qg3 Qxe5 28. Nc4 Rxd1 29. Nxe5 Ne2+ 30. Kf2 Nxg3 31. Rxd1 Nxf1 32. Kxf1 h5 33. Nc4 Ba6 34. b3 Re7 35. a4 Rc7 36. Rd8+ Kh7 37. Rd4 g6 38. Kf2 Bxc4 39. bxc4 Kg7 40. a5 bxa5 41. Ke3 a4 42. Kd3 g5 43. Rd5 Kg6 44. Ra5 g4 45. Rxa4 f5 46. Ra6+ Kg5 47. Ra5 h4 48. c5 h3 49. Ke2 Rc6 50. Kf2 a6 51. Kg3 f4+ 52. Kf2 Kf5 53. Ra2 Rxc5 54. Rxa6 Rc2+ 55. Kg1 g3 56. hxg3 fxg3 57. Ra1 Kg4 58. Ra4+ Kg5 59. Ra5+ Kf4 60. Ra4+ Ke5 61. Ra1 Re2 62. Kf1 Rc2 63. Kg1 Ke4 64. Rd1 Ke3 65. Kh1 Kf3 66. Rd3+ Kf4 67. Rd1 Re2 68. Rf1+ Rf2 69. Ra1 g2+ 70. Kh2 Rf1 71. Rxf1+ gxf1=R 0-1


[Site "https://www.chess.com"]

[Event "Titled Tuesday Blitz August 22 Late 2023"]
[White "Skvortsov, Andrei"]
[Black "Sjugirov, Sanan"]
[WhiteFideId "24108600"]
[BlackFideId "4189302"]
[WhiteElo "2673"]
[BlackElo "2881"]
[Result "0-1"]
[Round "5"]
[TimeControl "180+1"]
[Date "2023.08.22"]
[WhiteClock "0:00:00"]
[BlackClock "0:00:03"]
[Board "31"]

1. e4 e6 2. d4 d5 3. exd5 exd5 4. Nf3 Nf6 5. Bd3 Bg4 6. O-O Be7 7. h3 Bh5 8. Re1 O-O 9. g4 Bg6 10. Nc3 c6 11. Ne5 Nfd7 12. Nxg6 hxg6 13. Ne2 Re8 14. Ng3 Nf8 15. c3 Nbd7 16. Qf3 Bh4 17. Bd2 Ne6 18. Kg2 Bg5 19. Bxg5 Qxg5 20. Ne2 Qd2 21. Rab1 Ng5 22. Qg3 Ne4 23. Qe3 Qxe3 24. fxe3 Ndf6 25. Rbd1 Re7 26. Ng3 Rae8 27. Nxe4 Nxe4 28. Re2 f5 29. gxf5 gxf5 30. Rf1 g6 31. Bxe4 Rxe4 32. Rf3 Kg7 33. Kf2 Kh6 34. Re1 Kg7 35. Rg1 Kf6 36. Rfg3 Rg8 37. Kf3 g5 38. Kf2 b6 39. Kf3 c5 40. b3 a5 41. Kf2 Rg7 42. Rd1 cxd4 43. exd4 Rge7 44. Rd2 f4 45. Rgd3 Kf5 46. c4 Rd7 47. c5 b5 48. c6 Rc7 49. Rc2 Ke6 50. Rc5 Kd6 51. Rxb5 Rxc6 52. Rd2 Re3 53. Rxa5 Rxh3 54. Kg2 Rcc3 55. Ra6+ Kc7 56. Rg6 Rcg3+ 57. Kf1 Rh1+ 58. Ke2 Rh2+ 59. Kd1 Rg1+ 60. Kc2 Rxd2+ 61. Kxd2 g4 62. a4 f3 63. Ke3 Rg2 64. a5 Re2+ 65. Kd3 Re1 66. Rf6 g3 67. Rf7+ Kb8 68. Rf8+ Ka7 0-1


[Site "https://www.chess.com"]

[Event "Titled Tuesday Blitz August 22 Late 2023"]
[White "Cordova, Emilio"]
[Black "Arias, Juan Cruz"]
[WhiteFideId "3801497"]
[BlackFideId "118540"]
[WhiteElo "2866"]
[BlackElo "2667"]
[Result "1-0"]
[Round "5"]
[TimeControl "180+1"]
[Date "2023.08.22"]
[WhiteClock "0:01:26"]
[BlackClock "0:00:09"]
[Board "32"]

1. d4 d5 2. c4 e6 3. Nc3 Nf6 4. cxd5 exd5 5. Bg5 c6 6. e3 h6 7. Bh4 Be7 8. Bd3 O-O 9. Nge2 Re8 10. Qc2 Nbd7 11. O-O a5 12. Rad1 b5 13. f3 Ba6 14. Kh1 b4 15. Na4 Bxd3 16. Qxd3 Rc8 17. Bf2 c5 18. dxc5 Nxc5 19. Nxc5 Bxc5 20. Nf4 Qb6 21. Rfe1 a4 22. h4 b3 23. axb3 axb3 24. g4 Bd6 25. g5 Bxf4 26. gxf6 Rc2 27. exf4 Rxe1+ 28. Rxe1 Qb8 29. Bd4 g6 30. Qe3 Kh7 31. h5 Qc8 32. hxg6+ Kxg6 33. Qd3+ Kh5 34. Re5+ Kh4 35. Qf1 Kg3 36. Qe1+ Kxf3 37. Re3+ Kg4 38. Qg3+ Kh5 39. Re5+ 1-0


[Site "https://www.chess.com"]

[Event "Titled Tuesday Blitz August 22 Late 2023"]
[White "Rustemov, Alexander"]
[Black "Piesik, Piotr"]
[WhiteFideId "4119002"]
[BlackFideId "1136194"]
[WhiteElo "2863"]
[BlackElo "2664"]
[Result "1-0"]
[Round "5"]
[TimeControl "180+1"]
[Date "2023.08.22"]
[WhiteClock "0:01:14"]
[BlackClock "0:00:52"]
[Board "33"]

1. d4 Nf6 2. c4 c5 3. d5 b5 4. cxb5 a6 5. e3 e6 6. dxe6 fxe6 7. Nc3 d5 8. Nf3 Bd6 9. a4 O-O 10. b3 axb5 11. Nxb5 Be7 12. Be2 Nc6 13. O-O e5 14. Bb2 e4 15. Ne5 Nxe5 16. Bxe5 Bf5 17. Rc1 Rc8 18. Qd2 Qd7 19. Rfd1 Rfd8 20. Bg3 h5 21. h3 Qe6 22. a5 Ne8 23. Bxh5 g6 24. Be2 Bf6 25. a6 d4 26. Bc4 1-0


[Site "https://www.chess.com"]

[Event "Titled Tuesday Blitz August 22 Late 2023"]
[White "Zierk, Steven"]
[Black "Kleiman, Jake"]
[WhiteFideId "2034255"]
[BlackFideId "2020041"]
[WhiteElo "2858"]
[BlackElo "2664"]
[Result "1-0"]
[Round "5"]
[TimeControl "180+1"]
[Date "2023.08.22"]
[WhiteClock "0:00:51"]
[BlackClock "0:00:04"]
[Board "34"]

1. e4 e5 2. Nf3 Nc6 3. Bc4 Bc5 4. c3 Nf6 5. d4 exd4 6. e5 d5 7. Bb5 Ne4 8. cxd4 Bb6 9. Nc3 Nxc3 10. bxc3 O-O 11. Bg5 Qe8 12. O-O Bd7 13. Bd3 Na5 14. Nd2 c5 15. Be3 cxd4 16. cxd4 Bb5 17. Qe2 Bxd3 18. Qxd3 Rc8 19. f4 f5 20. exf6 Rxf6 21. Nf3 Nc4 22. Ne5 Qe6 23. Rac1 Nd6 24. g4 Rxc1 25. Rxc1 Rf8 26. f5 Qe8 27. Qb3 Qb5 28. Qxb5 Nxb5 29. Nd7 Re8 30. Nxb6 axb6 31. Kf2 Nd6 32. Bf4 Nc4 33. Re1 Rxe1 34. Kxe1 Kf7 35. Ke2 b5 36. Kd3 Ke7 37. Kc3 Kf6 38. Kb4 h5 39. h3 hxg4 40. hxg4 g6 41. fxg6 Kxg6 42. Kc5 Na3 43. Kxd5 Nc2 44. Kc5 b6+ 45. Kxb5 Nxd4+ 46. Kxb6 Ne6 47. Be3 Nf8 48. a4 Nd7+ 49. Kc7 Ne5 50. a5 Nxg4 51. Bd4 Nh6 52. a6 Nf5 53. Bc5 1-0


[Site "https://www.chess.com"]

[Event "Titled Tuesday Blitz August 22 Late 2023"]
[White "Asadli, Vugar"]
[Black "Ehlvest, Jaan"]
[WhiteFideId "13405764"]
[BlackFideId "4500016"]
[WhiteElo "2848"]
[BlackElo "2660"]
[Result "1/2-1/2"]
[Round "5"]
[TimeControl "180+1"]
[Date "2023.08.22"]
[WhiteClock "0:01:23"]
[BlackClock "0:00:07"]
[Board "35"]

1. e4 c6 2. Nf3 d5 3. e5 Bg4 4. Be2 e6 5. O-O Nd7 6. d4 Ne7 7. Nbd2 c5 8. c3 Nc6 9. h3 Bh5 10. Nb3 Rc8 11. Be3 cxd4 12. cxd4 Be7 13. Ne1 Bxe2 14. Qxe2 O-O 15. f4 a5 16. f5 exf5 17. Rxf5 Nb6 18. Nd3 Nc4 19. Raf1 b6 20. a4 Qd7 21. Bg5 Bxg5 22. Rxg5 Nd8 23. Nf4 Ne6 24. Rg3 f5 25. Nxe6 Qxe6 26. Nc1 f4 27. Rc3 g5 28. Nd3 Ne3 29. Rf2 Rxc3 30. bxc3 Rc8 31. h4 Rxc3 32. hxg5 Qf5 33. Qxe3 fxe3 34. Rxf5 Rxd3 35. Kf1 Rxd4 36. e6 Re4 37. Rxd5 Rxe6 38. Ke2 Kg7 39. g4 Kg6 40. Rb5 Re4 41. Rxb6+ Kxg5 42. Rb5+ Kxg4 43. Rxa5 h5 44. Ra8 h4 45. a5 h3 46. Rh8 Kg3 47. a6 Ra4 48. Kxe3 Rxa6 49. Rg8+ Kh2 50. Kf2 Rf6+ 51. Ke2 Kh1 52. Rg7 h2 53. Rg8 Rf5 54. Rg7 Rf6 55. Rg8 Rf5 56. Rg7 Rf6 1/2-1/2


[Site "https://www.chess.com"]

[Event "Titled Tuesday Blitz August 22 Late 2023"]
[White "Shuvalova, Polina"]
[Black "Lenderman, Aleksandr"]
[WhiteFideId "24171760"]
[BlackFideId "2021285"]
[WhiteElo "2659"]
[BlackElo "2847"]
[Result "1/2-1/2"]
[Round "5"]
[TimeControl "180+1"]
[Date "2023.08.22"]
[WhiteClock "0:01:12"]
[BlackClock "0:00:54"]
[Board "36"]

1. Nf3 e6 2. d4 d5 3. Bf4 Bd6 4. e3 Nf6 5. Nbd2 O-O 6. Bd3 c5 7. dxc5 Bxc5 8. O-O Nc6 9. c4 Be7 10. Qe2 b6 11. Rac1 Bb7 12. Rfd1 Qe8 13. a3 Rd8 14. cxd5 Nxd5 15. Bg3 Rc8 16. Bb5 Nc7 17. Bxc7 Rxc7 18. Nd4 Nxd4 19. exd4 Qd8 20. Nf3 Rxc1 21. Rxc1 Bxf3 22. Qxf3 Qxd4 23. Qc3 Qxc3 24. Rxc3 Bf6 25. Rc2 Bd4 26. g3 g6 27. Kg2 Kg7 28. f4 Rd8 29. Rd2 f5 30. Bc4 Kf6 31. Kf3 h6 32. h4 Rd6 33. b3 e5 34. fxe5+ Kxe5 35. Re2+ Kf6 36. Rd2 a5 37. a4 Rd8 38. Rd1 g5 39. hxg5+ hxg5 40. Rd2 g4+ 41. Kg2 Kg5 42. Rd1 Rd6 43. Bb5 Bc5 44. Rxd6 Bxd6 45. Bd7 f4 46. gxf4+ Kxf4 47. Bb5 g3 48. Bc4 Ke3 49. Bg8 Kd4 50. Bf7 Kc3 51. Bg8 Kb4 52. Bf7 b5 53. axb5 Kxb5 54. Bg8 Kb4 55. Bf7 a4 56. bxa4 Kxa4 57. Bd5 Ka5 58. Ba8 1/2-1/2


[Site "https://www.chess.com"]

[Event "Titled Tuesday Blitz August 22 Late 2023"]
[White "Filipascu"]
[Black "Pakleza, Zbigniew"]
[BlackFideId "1119290"]
[WhiteElo "2657"]
[BlackElo "2837"]
[Result "0-1"]
[Round "5"]
[TimeControl "180+1"]
[Date "2023.08.22"]
[WhiteClock "0:00:22"]
[BlackClock "0:00:12"]
[Board "37"]

1. c4 d6 2. d4 e5 3. Nf3 exd4 4. Nxd4 g6 5. Nc3 Bg7 6. g3 Ne7 7. Bg2 O-O 8. O-O Nd7 9. Re1 Nb6 10. Qd3 Nf5 11. Nxf5 Bxf5 12. e4 Be6 13. b3 a5 14. Bb2 a4 15. Nxa4 Nxa4 16. Bxg7 Kxg7 17. bxa4 Rxa4 18. Qb3 Ra7 19. Rad1 Qf6 20. Rd2 b6 21. f4 Ra5 22. Bf3 h5 23. h4 Kh7 24. Kg2 Rc5 25. Rc1 b5 26. Qe3 Rxc4 27. Rxc4 Bxc4 28. e5 dxe5 29. fxe5 Qe6 30. Rf2 Re8 31. Qc5 Qxe5 32. Qc6 Re6 33. Qd7 Rf6 34. a4 bxa4 35. Qxa4 Bd5 36. Bxd5 Qxd5+ 37. Kg1 Qc5 38. Qc2 Qxf2+ 39. Qxf2 Rxf2 40. Kxf2 g5 41. Ke3 gxh4 42. gxh4 Kg6 43. Ke4 Kf6 44. Kd5 Kf5 45. Kc6 Kg4 46. Kxc7 Kxh4 47. Kd6 f5 48. Ke5 Kg4 49. Kf6 f4 50. Kg6 h4 0-1


[Site "https://www.chess.com"]

[Event "Titled Tuesday Blitz August 22 Late 2023"]
[White "Klukin, Kirill"]
[Black "Mendez Fortes, Eduardo Jesus"]
[WhiteFideId "24199273"]
[BlackFideId "3502376"]
[WhiteElo "2826"]
[BlackElo "2647"]
[Result "1-0"]
[Round "5"]
[TimeControl "180+1"]
[Date "2023.08.22"]
[WhiteClock "0:01:36"]
[BlackClock "0:00:18"]
[Board "38"]

1. d4 Nf6 2. c4 e6 3. Nc3 Bb4 4. e3 O-O 5. Bd2 c5 6. Nf3 b6 7. Bd3 Bb7 8. O-O d6 9. a3 Bxc3 10. Bxc3 Ne4 11. Be1 Nd7 12. Nd2 Nxd2 13. Qxd2 cxd4 14. exd4 d5 15. b3 Nf6 16. Qe3 Re8 17. f3 Nd7 18. Bg3 Qf6 19. Rfe1 Rad8 20. Rad1 dxc4 21. bxc4 h6 22. Qf2 Nb8 23. Be5 Qe7 24. Qg3 f6 25. Qg6 fxe5 26. Qh7+ Kf8 27. Bg6 Qf6 28. dxe5 Rxd1 29. Qh8+ Ke7 30. Qxe8# 1-0


[Site "https://www.chess.com"]

[Event "Titled Tuesday Blitz August 22 Late 2023"]
[White "Omelja, Artem"]
[Black "Girel, Joseph"]
[WhiteFideId "14119846"]
[BlackFideId "36033561"]
[WhiteElo "2627"]
[BlackElo "2821"]
[Result "1-0"]
[Round "5"]
[TimeControl "180+1"]
[Date "2023.08.22"]
[WhiteClock "0:00:08"]
[BlackClock "0:00:34"]
[Board "39"]

1. d4 Nf6 2. c4 b6 3. Nc3 Bb7 4. Qc2 d5 5. cxd5 Nxd5 6. e4 Nxc3 7. bxc3 e5 8. Nf3 exd4 9. Bc4 Nc6 10. O-O Bc5 11. Bg5 Qd7 12. Bd5 O-O 13. Rfd1 Qg4 14. h3 Qh5 15. Bxc6 Bxc6 16. cxd4 f5 17. dxc5 fxe4 18. Ne5 e3 19. f4 Bb7 20. c6 Ba6 21. Qb3+ Kh8 22. Qxe3 Rae8 23. Qf3 Qxf3 24. Nxf3 Re6 25. Rac1 Bb5 26. Nd4 Re4 27. Nxb5 h6 28. Bh4 Rfxf4 29. Bg3 Rf5 30. Nxc7 Rg5 31. Kh2 Rg6 32. Nd5 Re8 33. c7 Rc8 34. Ne7 1-0


[Site "https://www.chess.com"]

[Event "Titled Tuesday Blitz August 22 Late 2023"]
[White "Harshavardhan G B"]
[Black "Saif, Malek"]
[WhiteFideId "25059009"]
[BlackFideId "8104220"]
[WhiteElo "2811"]
[BlackElo "2621"]
[Result "0-1"]
[Round "5"]
[TimeControl "180+1"]
[Date "2023.08.22"]
[WhiteClock "0:00:15"]
[BlackClock "0:00:38"]
[Board "40"]

1. e4 e5 2. Nc3 Nc6 3. Bc4 Bc5 4. Qg4 g6 5. Qg3 d6 6. Nge2 Be6 7. Bxe6 fxe6 8. d3 Qd7 9. Be3 Nd4 10. O-O-O O-O-O 11. Rdf1 Nf6 12. Kb1 Nh5 13. Qh4 Rdf8 14. Bxd4 Bxd4 15. Nxd4 exd4 16. Ne2 e5 17. f4 Qg7 18. f5 Nf6 19. g4 g5 20. Qg3 h5 21. gxh5 Rxh5 22. c3 dxc3 23. Nxc3 Rfh8 24. h3 g4 25. h4 Qh6 26. d4 exd4 27. Nb5 Nxe4 28. Nxa7+ Kb8 29. Qa3 Nd2+ 30. Kc2 Nxf1 31. Rxf1 Rxh4 32. Nb5 Rh2+ 33. Kb1 Qd2 34. Rc1 Rh1 0-1


[Site "https://www.chess.com"]

[Event "Titled Tuesday Blitz August 22 Late 2023"]
[White "Bauman_Guy"]
[Black "Zarubitski, Viachaslau"]
[BlackFideId "13509373"]
[WhiteElo "2806"]
[BlackElo "2619"]
[Result "0-1"]
[Round "5"]
[TimeControl "180+1"]
[Date "2023.08.22"]
[WhiteClock "0:00:48"]
[BlackClock "0:00:44"]
[Board "41"]

1. e4 e5 2. Nf3 Nf6 3. Nxe5 d6 4. Nf3 Nxe4 5. d4 d5 6. Bd3 Bd6 7. Nbd2 Bf5 8. O-O O-O 9. Re1 Re8 10. Nf1 Bg6 11. c3 Nd7 12. Qc2 c5 13. Ng3 c4 14. Bxe4 dxe4 15. Nxe4 Rxe4 16. Rxe4 Nf6 17. Nd2 Nxe4 18. Nxe4 Qh4 19. Bg5 Qxe4 20. Qxe4 Bxe4 21. f3 Bd5 22. Kf2 Re8 23. h4 f6 24. Bd2 h5 25. Rb1 Bf7 26. b3 Bg6 27. Rh1 Bd3 28. Be3 b5 29. d5 Kf7 30. g4 Re5 31. Bxa7 Re2+ 32. Kg1 Rxa2 0-1


[Site "https://www.chess.com"]

[Event "Titled Tuesday Blitz August 22 Late 2023"]
[White "Gunduz, Umut Erdem"]
[Black "Diaz Camallonga, Carles"]
[WhiteFideId "6381383"]
[BlackFideId "22235256"]
[WhiteElo "2618"]
[BlackElo "2803"]
[Result "0-1"]
[Round "5"]
[TimeControl "180+1"]
[Date "2023.08.22"]
[WhiteClock "0:00:05"]
[BlackClock "0:00:11"]
[Board "42"]

1. e4 e6 2. d4 d5 3. Nc3 Bb4 4. exd5 exd5 5. Bd3 Nc6 6. a3 Bxc3+ 7. bxc3 Nge7 8. Nf3 Bf5 9. Bf4 Qd7 10. O-O O-O 11. Re1 Bxd3 12. cxd3 Ng6 13. Bg3 f6 14. Qb3 b6 15. c4 Na5 16. Qc3 Rac8 17. h3 Rfe8 18. Rxe8+ Qxe8 19. cxd5 Qd7 20. Rc1 Qxd5 21. Bxc7 Qd7 22. Qc2 Qf7 23. Nd2 Ne7 24. Qd1 Nd5 25. Bg3 Nc3 26. Rxc3 Rxc3 27. Ne4 Rc6 28. Qf3 Qd7 29. d5 Rc1+ 30. Kh2 Nb3 31. d6 Nc5 32. Qe3 Rc2 33. Qd4 Ne6 34. Qd5 Rc8 35. Qf5 Rd8 36. h4 Nc5 37. Qd5+ Qf7 38. Qc6 Qb7 39. Qc7 Rd7 40. Qxb7 Nxb7 41. d4 Kf7 42. d5 h6 43. h5 f5 44. Nc3 Nxd6 45. f3 Nc4 46. a4 Ne3 47. d6 Nc4 48. Nb5 a6 49. Nd4 Nxd6 50. Nc6 Nc4 51. Nb8 Rd2 52. Bf4 Ra2 53. Nxa6 Rxa4 54. Nc7 Ra2 55. Kh3 Rb2 56. g4 fxg4+ 57. fxg4 b5 58. Nd5 b4 59. Bc1 Rc2 60. Bxh6 b3 61. Bxg7 Kxg7 62. g5 b2 63. Nf4 b1=Q 64. h6+ Kh7 65. Nh5 Qh1+ 66. Kg4 Qd1+ 67. Kh4 Rh2+ 0-1


[Site "https://www.chess.com"]

[Event "Titled Tuesday Blitz August 22 Late 2023"]
[White "ProphetReborn"]
[Black "Leenhouts, Koen"]
[BlackFideId "1008439"]
[WhiteElo "2801"]
[BlackElo "2604"]
[Result "1-0"]
[Round "5"]
[TimeControl "180+1"]
[Date "2023.08.22"]
[WhiteClock "0:00:43"]
[BlackClock "0:00:05"]
[Board "43"]

1. d4 Nf6 2. c4 g6 3. Nc3 d5 4. Bf4 Bg7 5. e3 O-O 6. Rc1 c6 7. Nf3 Bg4 8. Qb3 Qb6 9. Ne5 Be6 10. c5 Qxb3 11. axb3 Nh5 12. b4 a6 13. Be2 Nxf4 14. exf4 f6 15. Bg4 Bxg4 16. Nxg4 Nd7 17. O-O e5 18. fxe5 fxe5 19. Nxe5 Nxe5 20. dxe5 Bxe5 21. g3 Rae8 22. Kg2 Bxc3 23. bxc3 Re2 24. c4 dxc4 25. Rxc4 Rb2 26. Re4 Rf7 27. g4 Kg7 28. Kg3 Rb3+ 29. f3 Rc3 30. h4 h6 31. Rf4 Rxf4 32. Kxf4 Rc4+ 33. Ke5 Rxb4 34. Rd1 g5 35. Rd7+ Kg8 36. hxg5 hxg5 37. Kf6 Rf4+ 38. Kxg5 Rxf3 39. Rxb7 Rc3 40. Kf6 Rf3+ 41. Kg6 Kf8 42. Rb6 a5 43. Rxc6 a4 44. Ra6 a3 45. c6 Ke7 46. g5 Kd6 47. Kg7 Rc3 48. g6 Rxc6 49. Rxa3 Rc7+ 50. Kh6 Ke6 51. g7 Rc8 52. Kh7 1-0


[Site "https://www.chess.com"]

[Event "Titled Tuesday Blitz August 22 Late 2023"]
[White "Hambleton, Aman"]
[Black "Kozusek, Daniel"]
[WhiteFideId "2606577"]
[BlackFideId "349500"]
[WhiteElo "2800"]
[BlackElo "2593"]
[Result "1-0"]
[Round "5"]
[TimeControl "180+1"]
[Date "2023.08.22"]
[WhiteClock "0:00:06"]
[BlackClock "0:00:16"]
[Board "44"]

1. d4 d5 2. Bf4 c5 3. e3 cxd4 4. exd4 Nc6 5. c3 Bf5 6. Nd2 e6 7. Ngf3 Nge7 8. Qb3 Qd7 9. Nh4 f6 10. Nxf5 Nxf5 11. Nf3 g5 12. Bd2 g4 13. Ng1 h5 14. Bd3 Bd6 15. Bxf5 exf5 16. Qxd5 O-O-O 17. O-O-O Ne7 18. Qc4+ Kb8 19. Ne2 Rc8 20. Qd3 Nd5 21. Kb1 Nb6 22. Nf4 Nc4 23. Bc1 Qb5 24. b3 Qb6 25. Qxf5 a5 26. Nd5 Qb5 27. Ne3 Qb6 28. Nxc4 Rxc4 29. Bb2 Rcc8 30. c4 a4 31. c5 Qb5 32. Qd3 Qxd3+ 33. Rxd3 Bc7 34. b4 Rhe8 35. d5 Be5 36. Rhd1 Bxb2 37. Kxb2 Re4 38. a3 Rf4 39. R1d2 Re4 40. h3 gxh3 41. Rxh3 Rce8 42. Rxh5 Re1 43. d6 R8e2 44. Rd5 Rd1 45. Rxe2 Rxd5 46. Kc2 Kc8 47. Rd2 Rf5 48. g3 Kd7 49. f4 Rh5 50. Kc3 Rh3 51. Rd3 Rh1 52. Kc4 Ra1 53. Kb5 Rc1 54. Kxa4 Rb1 55. Kb5 Ra1 56. Re3 Kc8 57. a4 Rg1 58. a5 Rh1 59. Kb6 Rh8 60. b5 Kb8 61. Re7 f5 62. Rxb7+ Ka8 63. Re7 Rb8+ 64. Ka6 Rb7 65. Re8+ Rb8 66. Rxb8+ Kxb8 67. Kb6 Kc8 68. Kc6 Kd8 69. Kd5 Kd7 70. c6+ 1-0


[Site "https://www.chess.com"]

[Event "Titled Tuesday Blitz August 22 Late 2023"]
[White "Przybylski, Wojciech"]
[Black "Gorovets, Andrey"]
[WhiteFideId "1117599"]
[BlackFideId "13504037"]
[WhiteElo "2579"]
[BlackElo "2797"]
[Result "0-1"]
[Round "5"]
[TimeControl "180+1"]
[Date "2023.08.22"]
[WhiteClock "0:00:00"]
[BlackClock "0:00:19"]
[Board "45"]

1. d4 Nf6 2. Nf3 e6 3. g3 b5 4. Bg2 Bb7 5. O-O c5 6. e3 Na6 7. Nbd2 Rc8 8. c3 Be7 9. Re1 O-O 10. Qe2 Qb6 11. Nb3 c4 12. Nbd2 d5 13. Ne5 b4 14. Rb1 Qa5 15. cxb4 Qxa2 16. b5 Nc7 17. Nc6 Bxc6 18. bxc6 Na6 19. e4 Bb4 20. Qd1 Rxc6 21. exd5 Nxd5 22. Qc2 Ba5 23. Re5 Nab4 24. Qd1 Rfc8 25. Be4 c3 26. Bxh7+ Kxh7 27. Qh5+ Kg8 28. Re4 Nf6 29. Qb5 cxd2 30. Bxd2 Qxb1+ 31. Re1 Qd3 32. Qxa5 Qxd2 33. Rf1 Qxd4 34. Qb5 Nd3 35. Qa4 Qxa4 0-1


[Site "https://www.chess.com"]

[Event "Titled Tuesday Blitz August 22 Late 2023"]
[White "Auger_Pi"]
[Black "Batsuren, Dambasuren"]
[BlackFideId "4902920"]
[WhiteElo "2575"]
[BlackElo "2796"]
[Result "0-1"]
[Round "5"]
[TimeControl "180+1"]
[Date "2023.08.22"]
[WhiteClock "0:00:47"]
[BlackClock "0:01:10"]
[Board "46"]

1. e4 c5 2. Nf3 e6 3. b3 Nc6 4. Bb2 Nf6 5. e5 Nd5 6. c4 Nc7 7. g3 Be7 8. Bg2 O-O 9. O-O f6 10. Re1 fxe5 11. Nxe5 Nxe5 12. Bxe5 Bf6 13. d4 d6 14. Bxf6 Qxf6 15. Qd2 cxd4 16. Na3 e5 17. Rac1 Ne6 18. Nb5 Ng5 19. c5 Bh3 20. Bd5+ Kh8 21. f4 exf4 22. gxf4 Qf5 23. Qxd4 Qg4+ 24. Kh1 Nf3 25. Qf2 Nxe1 26. Rxe1 Rxf4 27. Qe3 Raf8 0-1


[Site "https://www.chess.com"]

[Event "Titled Tuesday Blitz August 22 Late 2023"]
[White "Kushko, Dmitriy"]
[Black "Ilkhomi, Jaloliddin"]
[WhiteFideId "14162261"]
[BlackFideId "14700948"]
[WhiteElo "2762"]
[BlackElo "2572"]
[Result "1-0"]
[Round "5"]
[TimeControl "180+1"]
[Date "2023.08.22"]
[WhiteClock "0:00:06"]
[BlackClock "0:00:00"]
[Board "47"]

1. Nf3 Nf6 2. g3 b6 3. Bg2 Bb7 4. c4 e6 5. O-O Be7 6. Nc3 O-O 7. Re1 d5 8. cxd5 exd5 9. d4 Nbd7 10. Bf4 a6 11. Ne5 c5 12. e3 Ne4 13. dxc5 Ndxc5 14. h4 Bf6 15. Rc1 Qe7 16. Nxd5 Bxd5 17. Qxd5 Rad8 18. Qc4 Bxe5 19. Bxe4 Bxb2 20. Rb1 Nxe4 21. Rxb2 Qb7 22. Qe2 Rd7 23. Rc2 Rfd8 24. Qf3 Qd5 25. Rec1 Nd2 26. Qxd5 Rxd5 27. Kg2 Ne4 28. Bc7 Rc8 29. Bxb6 Rxc2 30. Rxc2 f6 31. Bd4 Nd6 32. Rc6 Nb5 33. Bc5 1-0


[Site "https://www.chess.com"]